Unix xNetHack Version 8.0.0 - last build Mar 23 2024 02:42:02 (1964348d4f5f1cf1067ea9968e02252fcc83c468). Game began 2024-04-01 18:19:55, ended 2024-04-01 18:41:07. Catomat, neutral female human Wizard --------- ###)## +.......| ------------- # --- |.......| |.....E.....| @ ./| ........| |..{.....{..| o ..| |..<....| |...}}.}}...| # .. ........| |...}...}...| # . ---.----- |E..}...}..E| ###)# |...}...}...| # # |...}}}}}...-###### |..{.....{..| |.....E.....| ------------- Catomat the Conjurer St:11 Dx:13 Co:16 In:16 Wi:9 Ch:9 Neutral S:902 Dlvl:5 $:104 HP:0(27) Pw:25(41) AC:6 Xp:4/142 T:1493 Latest messages: A garter snake was hidden under an unlabeled scroll! The garter snake bites! In what direction? The spell hits the garter snake! You kill the garter snake! D - an unlabeled scroll {5}. You hear a chugging sound. You hear a G sharp squeak in the distance. The door opens. You are beginning to feel hungry. What do you want to eat? [kpx or ?*] This lichen corpse tastes okay. You no longer feel hungry. You finish eating the lichen corpse. In what direction? The spell hits the hill orc! You kill the hill orc! The hill orc swings his curved sword. The hill orc hits you! In what direction? The spell hits the hill orc! The hill orc swings his curved sword. The hill orc hacks you! In what direction? The spell hits the hill orc! You kill the hill orc! There are two objects here. There is a hill orc corpse here; eat it? [ynq] (n) This hill orc corpse is gamey. You hear a G sharp squeak in the distance. You finish eating the hill orc corpse. In what direction? The spell hits the large kobold! You kill the large kobold! You see here a curved sword. In what direction? The spell misses the fox. The fox bites! In what direction? The spell hits the fox! You kill the fox! You see here a sling. The hill orc swings her curved sword. The hill orc rends you! You miss the hill orc. The hill orc swings her curved sword. The hill orc gashes you! You die... Do you want your possessions identified? [ynq] (y) Do you want to see your attributes? [ynq] (y) Inventory: Inventory: 569/725 weight (29/52 slots) Coins $ - 104 gold pieces {1} Weapons w - a -1 elven dagger (weapon in hand) {10} i - a cursed -1 orcish dagger {10} a - a blessed +1 quarterstaff {40} Armor H - an uncursed +0 orcish helm (being worn) {23} C - an uncursed +0 cloak of magic resistance (being worn) {8} M - an uncursed +0 leather light armor (being worn) {113} Comestibles x - 4 uncursed fortune cookies {4} k - 2 uncursed pancakes {4} p - an uncursed lichen corpse {20} Scrolls D - an uncursed scroll of blank paper {5} v - an uncursed scroll of create monster {5} u - an uncursed scroll of genocide {5} l - an uncursed scroll of gold detection {5} r - an uncursed scroll of identify {5} A - an uncursed scroll of light {5} z - an uncursed scroll of water {5} Spellbooks c - a blessed spellbook of force bolt {35} d - a blessed spellbook of magic missile {40} f - an uncursed spellbook of remove curse {45} e - an uncursed spellbook of wizard lock {40} Potions o - 2 uncursed potions of levitation {40} q - an uncursed potion of monster detection {20} y - an uncursed potion of restore ability {20} Wands g - a wand of secret door detection (0:10) {7} t - a wand of slow monster (0:4) {7} B - a wand of speed monster (0:3) {7} n - a wand of teleportation (0:3) {7} Tools h - an uncursed mirror {13} s - an uncursed oil lamp {20} Catomat the Wizard's attributes: Background: You were a Conjurer, a level 4 female human Wizard. You were neutral, nominally on a mission for Thoth who was opposed by Ptah (lawful) and Anhur (chaotic). You were heterosexual. You were in the Dungeons of Doom, on level 5. You entered the dungeon 1493 turns ago. You had 142 experience points, 18 more were needed to attain level 5. Your score was 902 before end-of-game adjustments. Basics: You had 0 out of 27 hit points. You had 25 out of 41 energy points (spell power). Your armor class was 6. Your wallet contained 104 zorkmids. Autopickup was on for '$"?!=/' plus thrown. Final Characteristics: Your strength was 11 (limit:18/100). Your dexterity was 13 (peak:14, limit:18). Your constitution was 16 (limit:18). Your intelligence was 16 (limit:18). Your wisdom was 9 (limit:18). Your charisma was 9 (limit:18). Final Status: You were not hungry. You were unencumbered. You were wielding a dagger. You were unskilled in dagger. Final Attributes: You were devoutly aligned. You were magic-protected. You were warded. You were unlucky. You are dead. Miscellaneous: You never encountered a bones level. Total elapsed playing time was 21 minutes and 10 seconds. Major events: Turn 1: Catomat the neutral female human Wizard entered the dungeon 643: attained the rank of Conjurer (level 3) 907: entered the Gnomish Mines 1493: killed by a hill orc Vanquished creatures: a rock mole a shrieker a floating eye a kitten 2 hill orcs an iguana a hobbit 2 large kobolds a yellow mold a green mold 2 garter snakes 2 geckos 3 jackals 2 foxes 2 goblins 2 sewer rats 3 grid bugs 5 lichens 4 newts 37 creatures vanquished. No species were genocided or became extinct. Voluntary challenges: You were an atheist. You read items or engraved 5 times. You never genocided any monsters. You never polymorphed an object. You never changed form. You never touched an artifact. You used no wishes. You never scared an enemy with impunity. You were celibate. You never generated conflict. Achievements: You attained the rank of Conjurer. You entered the Gnomish Mines. Dungeon overview: The Dungeons of Doom: levels 1 to 5 Level 1: A sink. Level 2: A fountain, a sink. Level 3: A fountain, a sink. Stairs down to The Gnomish Mines. Level 4: Level 5: <- You were here. Many fountains. Oracle of Delphi. Final resting place for you, killed by a hill orc. The Gnomish Mines: Level 4: Game over: __________ / \ / REST \ / IN \ / PEACE \ / \ | Catomat | | 104 Au | | killed by a hill | | orc | | | | | | 2024 | *| * * * | * _________)/\\_//(\/(/\)/\//\/|_)_______ Goodbye Catomat the Wizard... You died in The Dungeons of Doom on dungeon level 5 with 892 points, and 104 pieces of gold, after 1493 moves. You were level 4 with a maximum of 27 hit points when you died.